AoeStats
← Rafaelbdoo

Arabia

505176948Analyzed
1v1 RM · 26d ago on Sep 8, 2026· 44m 39s· 2 players
Game mode
Random Map
Map size
Tiny (2 player)
Population
200
Speed
Normal
Resources
Standard
Victory
Conquest
Starting age
Dark Age
Ending age
Imperial Age
RankedLock teamsTeams togetherTeam positionsShared explorationLock speedFull tech treeHidden civsTurbo modeCheats
Victory
Defeat
🇵🇾 Celts · Paraguay
834
+12
🇧🇷 Spanish · Brazil
744
-22
Rafaelbdoo
13:16 Feudal Age
17:03 Stone Mining
19:29 Horse Collar
25:39 Castle Age
24:56 Gold Mining
25:14 Scale Barding Armor
34:55 Double-Bit Axe
DoriaPy
7:21 Loom
9:35 Feudal Age
17:12 Castle Age
17:11 Double-Bit Axe
16:55 Man-at-Arms
20:23 Long Swordsman
24:30 Arson
24:32 Gambesons
25:30 Forging
26:54 Horse Collar
30:32 Wheelbarrow
30:47 Fletching
30:58 Padded Archer Armor
31:53 Bow Saw
31:47 Bodkin Arrow
31:15 Elite Skirmisher
32:54 Leather Archer Armor
39:18 Imperial Age
37:13 Hand Cart
37:39 Ballistics
39:08 Town Watch
39:57 Onager
41:29 Ring Archer Armor
41:56 Furor Celtica
42:42 Heavy Plow
44:04 Chemistry
43:02 Murder Holes
Connection lost

Rejoining the realm…

Still unreachable

The connection could not be restored.

Session expired

The server has moved on; the page needs a fresh start.